 Dungeon Sprint DCSS version 0.29.1-1-gd02db6906a (webtiles) character file.

Game seed: 5115603453582611088

38516 Groucho the End of an Era (level 13, -3/91 HPs)
             Began as a Deep Elf Wanderer on Sept 26, 2022.
             Was the Champion of Qazlal.
             Slain by a freezing wraith (16 damage)
             ... summoned by a vampire mage
             ... in the Dungeon (Sprint V: "Ziggurat Sprint").
             The game lasted 00:14:30 (3800 turns).

Groucho the End of an Era (Deep Elf Wanderer)       Turns: 3800, Time: 00:14:30

Health: -3/91      AC: 38    Str: 25    XL:     13   Next: 64%
Magic:  8/28       EV:  8    Int: 18    God:    Qazlal [******]
Gold:   0          SH: 44    Dex: 15    Spells: 15/15 levels left

rFire   . . .      SeeInvis .   E - +6 shillelagh "Devastator" {shatter}
rCold   . . .      Faith    .   D - +18 shield of the Gong {rElec rN+ Will+ EV-5}
rNeg    + . .      Spirit   .   C - +15 Maxwell's patent armour {-Cast -Tele rElec Will+ rCorr}
rPois   .          Reflect  +   (no helmet)
rElec   +          Harm     .   J - +1 cloak {Will+}
rCorr   +          Rampage  .   c - +0 pair of gloves
Will    ++++.      NoTele   +   (no boots)
Stlth   .......... NoCast   +   P - amulet of reflection
HPRegen 0.25/turn               w - +6 ring of strength
MPRegen 0.21/turn               x - +6 ring of strength

@: flayed, protected from physical damage, slowed, studying Dodging, invisible,
repel missiles, very slow
A: no striking features
a: Renounce Religion, Upheaval, Elemental Force, Disaster Area


You were in the Dungeon.
You worshipped Qazlal.
Qazlal was exalted by your worship.
You visited 1 branch

Inventory:

Hand Weapons
 B - the +14 obsidian axe {vorpal, Mesm Drain Fly SInv}
   (You found it in the Dungeon)

   It inflicts extra damage upon your enemies.
   It occasionally summons demons to assist the wielder when it strikes in
   combat.
   Its wielder is mesmerised by any visible foes.
   It cannot be unequipped while any foes are visible.
   SInv:      It lets you see invisible.
   Fly:       It grants you flight.
   Drain:     It drains your maximum health when unequipped.
 E - the +6 shillelagh "Devastator" (weapon) {shatter}
   (You found it in the Dungeon)

   It releases a powerful concussive burst when it strikes, dealing extra damage
   to the target and all other foes adjacent to them.
 M - the +8 longbow of Karma {vorpal, Str+5 Int+4 Stlth-}
   (You found it in the Dungeon)

   Any ammunition fired from it inflicts extra damage upon your enemies.
   Str:       It affects your strength (+5).
   Int:       It affects your intelligence (+4).
   Stlth:     It makes you less stealthy.
 Z - the +11 broad axe "Osanuc" {venom, Stlth+}
   (You found it in the Dungeon)

   It poisons the flesh of those it strikes.
   Stlth:     It makes you more stealthy.
Armour
 a - +5 gold dragon scales
 c - a +0 pair of gloves (worn)
 C - the +15 Maxwell's patent armour (worn) {-Cast -Tele rElec Will+ rCorr}
   (You found it in the Dungeon)

   rElec:     It insulates you from electricity.
   -Cast:     It prevents spellcasting.
   -Tele:     It prevents most forms of teleportation.
   rCorr:     It protects you from acid and corrosion.
   Will:      It increases your willpower.
 D - the +18 shield of the Gong (worn) {rElec rN+ Will+ EV-5}
   (You found it in the Dungeon)

   It is deafeningly noisy when blocking attacks.
   EV:        It affects your evasion (-5).
   rElec:     It insulates you from electricity.
   rN:        It protects you from negative energy.
   Will:      It increases your willpower.
 J - a +1 cloak of willpower (worn)
Jewellery
 r - a ring of flight
 s - a +6 ring of dexterity
 t - a +6 ring of dexterity
 u - a +6 ring of intelligence
 v - a +6 ring of intelligence
 w - a +6 ring of strength (left hand)
 x - a +6 ring of strength (right hand)
 F - a +4 ring of evasion
 I - the ring "Numm" {Str+5 Int+6}
   (You found it in the Dungeon)

   [ring of intelligence]

   Str:       It affects your strength (+5).
   Int:       It affects your intelligence (+6).
 K - a ring of protection from cold
 L - an amulet of regeneration
 N - a ring of poison resistance
 O - a ring of protection from fire
 P - an amulet of reflection (around neck)
 Q - a +4 ring of evasion
 R - a +6 ring of strength
 S - an amulet of the acrobat
 T - an amulet of faith
 U - a +6 ring of strength
 V - a ring of willpower
 W - the amulet "Xemuoduk" {RegenMP rElec Will+}
   (You took it off a frost giant in the Dungeon)

   [amulet of magic regeneration]

   It increases your rate of magic regeneration.
   rElec:     It insulates you from electricity.
   Will:      It increases your willpower.
 X - the ring of the Mage {Wiz Archmagi}
   (You found it in the Dungeon)

   [ring of wizardry]

   It improves your spell success rate.
   Archmagi:  It increases the power of your magical spells.
 Y - a ring of magical power
Wands
 y - a wand of mindburst (7)
 z - a wand of iceblast (7)
 A - a wand of acid (7)
Scrolls
 k - 4 scrolls of blinking
 n - 4 scrolls of amnesia
 o - 8 scrolls of fog
 p - 5 scrolls of identify
 q - 2 scrolls of fear
 G - 4 scrolls of enchant armour
 H - 2 scrolls of brand weapon
Potions
 b - 2 potions of brilliance
 d - 6 potions of might
 e - a potion of invisibility
 f - 7 potions of curing
 h - 6 potions of haste
 i - 6 potions of magic
 j - 3 potions of berserk rage
 l - 4 potions of resistance
 m - a potion of experience


   Skills:
 * Level 14.8 Fighting
 - Level 1.0 Long Blades
 + Level 10.4 Axes
 * Level 14.6 Armour
 + Level 15.3 Dodging
 - Level 1.2 Stealth
 * Level 14.6 Shields
 - Level 1.5 Spellcasting
 * Level 18.5 Invocations


You had 15 spell levels left.
You didn't know any spells.
Your spell library contained the following spells:

 Spells                   Type           Power      Damage    Failure   Level
 Apportation              Tloc           2%         N/A       95%         1
 Foxfire                  Conj/Fire      4%         2x1d4     95%         1
 Magic Dart               Conj           4%         1d3       95%         1
 Summon Small Mammal      Summ           4%         N/A       95%         1
 Blink                    Tloc           2%         N/A       98%         2
 Call Imp                 Summ           1%         N/A       98%         2
 Ensorcelled Hibernation  Hex/Ice        2%         N/A       98%         2
 Poisonous Vapours        Pois/Air       2%         N/A       98%         2
 Scorch                   Fire           2%         2d5       98%         2
 Searing Ray              Conj           2%         2d4       98%         2
 Call Canine Familiar     Summ           1%         N/A       100%        3
 Confusing Touch          Hex            1%         N/A       100%        3
 Conjure Flame            Conj/Fire      1%         6-21      100%        3
 Gell's Gravitas          Tloc           1%         N/A       100%        3
 Ignite Poison            Fire/Tmut/Pois 1%         N/A       100%        3
 Inner Flame              Hex/Fire       1%         N/A       100%        3
 Lesser Beckoning         Tloc           1%         N/A       100%        3
 Portal Projectile        Hex/Tloc       2%         N/A       100%        3
 Spider Form              Tmut/Pois      1%         N/A       100%        3
 Summon Guardian Golem    Hex/Summ       1%         N/A       100%        3
 Teleport Other           Tloc           1%         N/A       100%        3
 Anguish                  Hex/Necr       0%         N/A       100%        4
 Animate Dead             Necr           1%         N/A       100%        4
 Fulminant Prism          Conj/Hex       0%         3d6       100%        4
 Iskenderun's Mystic Bla  Conj/Tloc      1%         2d3       100%        4
 Leda's Liquefaction      Hex/Erth       0%         N/A       100%        4
 Petrify                  Tmut/Erth      1%         N/A       100%        4
 Sticky Flame             Conj/Fire      1%         2d3       100%        4
 Fireball                 Conj/Fire      0%         3d3       100%        5
 Iskenderun's Battlesphe  Conj           1%         2d6       100%        5
 Manifold Assault         Tloc           1%         N/A       100%        5
 Metabolic Englaciation   Hex/Ice        0%         N/A       100%        5
 Conjure Ball Lightning   Conj/Air       0%         3x3d6     100%        6
 Statue Form              Tmut/Erth      0%         N/A       100%        6
 Enfeeble                 Hex            0%         N/A       100%        7
 Haunt                    Necr/Summ      0%         N/A       100%        7
 Orb of Destruction       Conj           0%         9d5       100%        7
 Spellforged Servitor     Conj/Summ      0%         N/A       100%        7
 Storm Form               Tmut/Air       0%         N/A       100%        7
 Ignition                 Fire           0%         3d3       100%        8
 Infestation              Necr           0%         N/A       100%        8
 Chain Lightning          Conj/Air       0%         2d1       100%        9
 Fire Storm               Conj/Fire      0%         6d1       100%        9


Dungeon Overview and Level Annotations

Branches:
Dungeon (1/1)

Altars:
Ashenzari
Cheibriados
Dithmenos
Elyvilon
Fedhas
Gozag
Hepliaklqana
Kikubaaqudgha
Makhleb
Nemelex Xobeh
Okawaru
Qazlal
Ru
Sif Muna
Trog
Uskayaw
Vehumet
Wu Jian
Xom
Yredelemnul
Zin
The Shining One
Jiyva
Lugonu


Message History

You block the bat skeleton's attack.
GONNNNG!
The freezing wraith completely misses you.
The freezing wraith hits you but does no damage.
You feel better. You block the bat skeleton's attack.
GONNNNG!
The bat skeleton barely misses you. Something hits you but does no damage.
Something bites you but does no damage. You block the bat skeleton's attack.
BOUMMMMG!
Something hits you!
* * * LOW HITPOINT WARNING * * *
Something freezes you.
* * * LOW HITPOINT WARNING * * *
Something bites you but does no damage. Something hits you but does no damage.
Something bites you but does no damage.
The necrophage is engulfed in blazing flames.
You block the necrophage's attack.
PANG!
You block the freezing wraith's attack.
GONNNNG!
The freezing wraith hits you but does no damage.
Something hits you but does no damage. Something bites you but does no damage.
The bat skeleton barely misses you. Something hits you but does no damage.
Something completely misses you. Something hits you but does no damage.
Something bites you but does no damage.
The necrophage is engulfed in blazing flames.
You destroy the necrophage!
The necrophage's corpse disappears in a puff of smoke!
Unknown command.
You feel better. You block the bat skeleton's attack.
GONNNNG!
You block the bat skeleton's attack.
GONNNNG!
The bat skeleton is struck by lightning.
You destroy the bat skeleton!
The bat skeleton disappears in a puff of smoke!
The freezing wraith hits you.
* * * LOW HITPOINT WARNING * * *
The freezing wraith freezes you!
You die...

▓....))))..
..[|[.!|):)..▓.....(....
▓..}≈=)?[.)[..▓...))|..).
▓.....)≈.)....▓..........
▓....)≈≈..[[..▓.....(....
▓.....))†z≈)..▓..▓.....▓.
▓.....§○W°○...▓.▓▓▓...▓▓▓
▓.....°{{{☼...▓..▓.....▓.
▓.....§§@W○...▓.....©....
▓≈.......○....▓▓▓▓▓▓▓▓▓▓▓
▓≈....○≈......▓....8©8...
▓.............▓...)..[)}.
▓......©.≈....▓...)}[.)..
▓▓▓▓▓▓▓▓▓▓▓▓▓▓▓....).).|.
▓...)...).. ▓....).....
▓....))....


You could see a flayed ghost (summoned, unable to see you), a freezing wraith
(summoned) and a wight (unable to see you).

Vanquished Creatures
  An Ice Fiend (D)
  A lich (D)
  A deep elf master archer (D)
  A nargun (D)
  An azure jelly (D)
  3 frost giants (D)
  2 deep elf sorcerers (D)
  A ghost moth (D)
  A ghoul (D)
  2 stone giants (D)
  A deep elf annihilator (D)
  2 vampire knights (D)
  A deep elf high priest (D)
  A yaktaur captain (D)
  A centaur warrior (D)
  2 dancing weapons (D)
  A vampire mage (D)
  A deep elf knight (D)
  A pharaoh ant (D)
  3 skeletal warriors (D)
  An orb spider (D)
  3 steelbarb worms (D)
  2 deep elf archers (D)
  3 deep elf zephyrmancers (D)
  2 deep elf pyromancers (D)
  9 necromancers (D)
  A cyclops (D)
  A hellion (D)
  A komodo dragon (D)
  4 yaktaurs (D)
  A demonic crawler (D)
  A freezing wraith (D)
  2 tormentors (D)
  A meliai (D)
  3 hornets (D)
  2 tarantellas (D)
  2 jumping spiders (D)
  3 vampires (D)
  5 spriggans (D)
  A shadow (D)
  3 water elementals (D)
  A basilisk (D)
  2 yaks (D)
  A golden eye (D)
  A redback (D)
  5 hell hounds (D)
  A floating eye (D)
  3 black bears (D)
  2 orc warriors (D)
  6 wolves (D)
  4 centaurs (D)
  2 bullfrogs (D)
  3 earth elementals (D)
  2 necrophages (D)
  2 scorpions (D)
  6 wights (D)
  An orc priest (D)
  2 jellies (D)
  3 iguanas (D)
  2 orc wizards (D)
  3 adder skeletons (D)
  An orc (D)
  A bat skeleton (D)
  3 bat zombies (D)
  An endoplasm (D)
  A ball python skeleton (D)
  A ball python zombie (D)
  3 bat simulacra (D)
  A jackal simulacrum (D)
  A quokka simulacrum (D)
  A quokka zombie (D)
145 creatures vanquished.

Notes
Turn   | Place    | Note
-------+----------+-------------------------------------------
     0 | D        | Groucho the Deep Elf Wanderer began the quest for the Orb.
     0 | D        | Groucho set off with the following items: a +0 falchion, a
                  | +0 buckler of protection, a +0 pair of gloves, a potion of
                  | might, a +0 robe, a potion of curing, a potion of heal
                  | wounds, a potion of haste, 2 potions of magic, a potion of
                  | berserk rage, a scroll of blinking.
     0 | D        | Reached XP level 1. HP: 13/13 MP: 5/5
    18 | D        | Found a shimmering blue altar of Sif Muna.
    18 | D        | Found a bloodstained altar of Trog.
    18 | D        | Found a sacrificial altar of Ru.
    18 | D        | Found a stormy altar of Qazlal.
    18 | D        | Found an iron altar of Okawaru.
    19 | D        | Found a sparkling altar of Nemelex Xobeh.
    19 | D        | Found a blossoming altar of Fedhas.
    19 | D        | Found the +6 Majin-Bo {vamp, MP+6 Int+6}
    19 | D        | Found the +9 heavy crossbow "Sniper" {vorpal, Acc+∞ SInv}
    19 | D        | Found the +10 dark maul {vorpal}
    19 | D        | Found the +15 Maxwell's patent armour {-Cast -Tele rElec
                  | Will+ rCorr}
    19 | D        | Found the +18 shield of the Gong {rElec rN+ Will+ EV-5}
    19 | D        | Found the +14 obsidian axe {vorpal, Mesm Drain Fly SInv}
    19 | D        | Found the +7 great mace "Firestarter" {inner flame, rF++}
    19 | D        | Found the +6 shillelagh "Devastator" {shatter}
    19 | D        | Found the +11 plutonium sword {Contam Stlth-}
    19 | D        | Found the +8 lance "Wyrmbane" {slay drac, rPois rF+ rC+
                  | AC+3}
    19 | D        | Found the +9 sword of Zonguldrok {reap}
    19 | D        | Found the +13 scythe of Curses {drain, Drain}
    19 | D        | Found the +5 sword of Power {vorpal}
    19 | D        | Found the +7 mace of Variability {chain chaos}
    19 | D        | Found the +7 Singing Sword {vorpal, sonic wave}
    19 | D        | Found the +8 storm bow {elec, penet}
    21 | D        | Found a transporter.
    21 | D        | Found an ancient bone altar of Kikubaaqudgha.
    21 | D        | Found a viscous altar of Jiyva.
    21 | D        | Found a corrupted altar of Lugonu.
    21 | D        | Found a hazy altar of Hepliaklqana.
    21 | D        | Found a burning altar of Makhleb.
    21 | D        | Found an opulent altar of Gozag.
    93 | D        | Became a worshipper of Qazlal Stormbringer
   106 | D        | Entered arena 2.
   106 | D        | Noticed a bullfrog
   106 | D        | Noticed an iguana
   106 | D        | Found a transporter.
   107 | D        | Killed a bullfrog
   108 | D        | Reached skill level 1 in Axes
   108 | D        | Reached skill level 3 in Invocations
   108 | D        | Reached XP level 2. HP: 20/20 MP: 6/6
   108 | D        | Reached XP level 3. HP: 24/24 MP: 7/7
   112 | D        | Reached XP level 4. HP: 29/29 MP: 8/8
   523 | D        | Entered arena 3.
   523 | D        | Noticed a tarantella
   523 | D        | Noticed a scorpion
   523 | D        | Noticed a scorpion
   523 | D        | Found a transporter.
   526 | D        | Killed a tarantella
   526 | D        | Reached * piety under Qazlal
   526 | D        | Killed a scorpion
   527 | D        | Reached skill level 5 in Fighting
   527 | D        | Reached skill level 5 in Armour
   527 | D        | Reached skill level 5 in Shields
   527 | D        | Reached skill level 6 in Invocations
   527 | D        | Reached XP level 5. HP: 35/35 MP: 8/11
   527 | D        | Reached XP level 6. HP: 40/40 MP: 8/12
   531 | D        | Reached skill level 5 in Dodging
   720 | D        | Entered arena 4.
   720 | D        | Noticed a spriggan
   720 | D        | Found a transporter.
   723 | D        | Killed a spriggan
   723 | D        | Reached ** piety under Qazlal
   724 | D        | Reached skill level 7 in Invocations
   724 | D        | Reached XP level 7. HP: 45/46 MP: 14/14
   728 | D        | Reached skill level 8 in Invocations
   963 | D        | Entered arena 5.
   963 | D        | Noticed a yak
   963 | D        | Found a transporter.
   964 | D        | Killed a yak
   965 | D        | Reached *** piety under Qazlal
   966 | D        | Reached XP level 8. HP: 53/53 MP: 9/16
  1115 | D        | Got the Precepts of the Mercurial Pyromaniac
  1123 | D        | Entered arena 6.
  1123 | D        | Found a transporter.
  1124 | D        | Reached **** piety under Qazlal
  1125 | D        | Reached skill level 9 in Invocations
  1184 | D        | Entered arena 7.
  1184 | D        | Noticed a komodo dragon
  1189 | D        | Reached skill level 5 in Axes
  1189 | D        | Killed a komodo dragon
  1190 | D        | Reached skill level 10 in Invocations
  1190 | D        | Reached XP level 9. HP: 51/59 MP: 1/18
  1190 | D        | Found a transporter.
  1568 | D        | Entered arena 8.
  1576 | D        | Found a transporter.
  1578 | D        | Reached ***** piety under Qazlal
  1858 | D        | Entered arena 9.
  1858 | D        | Noticed a spriggan rider
  1861 | D        | Reached skill level 11 in Invocations
  1866 | D        | Found a transporter.
  1872 | D        | Got the ring "Numm" {Str+5 Int+6}
  1881 | D        | Got The Foundations of Magic
  1905 | D        | Entered arena 10.
  1910 | D        | Reached ****** piety under Qazlal
  1912 | D        | Found a transporter.
  1915 | D        | Reached XP level 10. HP: 50/66 MP: 18/20
  1990 | D        | Entered arena 11.
  1990 | D        | Found the +8 longbow "Zephyr" {speed, Dex+3 SInv}
  1990 | D        | Noticed a deep elf archer
  1990 | D        | Noticed a deep elf pyromancer
  1990 | D        | Noticed a +1 hand axe of electrocution
  1990 | D        | Noticed a deep elf pyromancer
  1990 | D        | Noticed a deep elf knight
  1991 | D        | Found a transporter.
  1992 | D        | Killed a +1 hand axe of electrocution
  1992 | D        | Killed a deep elf archer
  1992 | D        | Killed a deep elf pyromancer
  1993 | D        | Reached skill level 10 in Fighting
  1993 | D        | Reached skill level 12 in Invocations
  1993 | D        | Killed a deep elf knight
  1994 | D        | Reached skill level 10 in Armour
  1994 | D        | Reached skill level 10 in Shields
  1994 | D        | Killed a deep elf pyromancer
  1995 | D        | Reached skill level 10 in Dodging
  2011 | D        | Got the Atlas of Non-Euclidean Poisoning
  2081 | D        | Entered arena 12.
  2081 | D        | Found the +7 Spriggan's Knife {stab, EV+4 Stlth+}
  2081 | D        | Noticed a skeletal warrior
  2081 | D        | Noticed a necromancer
  2082 | D        | Identified the +4 lajatang of the Lesser Evil {vorpal, rC+
                  | Will+}
  2082 | D        | Noticed a necromancer
  2082 | D        | Noticed a necromancer
  2083 | D        | Killed a necromancer
  2083 | D        | Killed a necromancer
  2084 | D        | Reached skill level 13 in Invocations
  2084 | D        | Reached XP level 11. HP: 73/73 MP: 13/22
  2085 | D        | Killed a skeletal warrior
  2085 | D        | Killed a necromancer
  2086 | D        | Found a transporter.
  2157 | D        | Entered arena 13.
  2157 | D        | Noticed a skeletal warrior
  2157 | D        | Noticed a vampire mage
  2157 | D        | Noticed a necromancer
  2157 | D        | Noticed a ghoul
  2158 | D        | Noticed a vampire knight
  2158 | D        | Noticed a lich
  2159 | D        | Killed a necromancer
  2160 | D        | Killed a vampire mage
  2165 | D        | Killed a skeletal warrior
  2165 | D        | Killed a vampire knight
  2166 | D        | Reached skill level 14 in Invocations
  2172 | D        | Killed a lich
  2172 | D        | Killed a ghoul
  2173 | D        | Found a transporter.
  2185 | D        | Got the Compilation of Imprecation and Kindling
  2196 | D        | Got Hurphy's Vellum of Hazy Wanderlust
  2447 | D        | Entered arena 14.
  2447 | D        | Noticed a deep elf sorcerer
  2448 | D        | Noticed a deep elf sorcerer
  2448 | D        | Noticed a deep elf annihilator
  2448 | D        | Noticed a deep elf zephyrmancer
  2448 | D        | Noticed a deep elf zephyrmancer
  2448 | D        | Noticed a +0 long sword of holy wrath
  2448 | D        | Noticed a deep elf high priest
  2448 | D        | Noticed a deep elf zephyrmancer
  2449 | D        | Noticed a deep elf master archer
  2449 | D        | Noticed a deep elf archer
  2450 | D        | Killed a +0 long sword of holy wrath
  2450 | D        | Killed a deep elf zephyrmancer
  2450 | D        | Killed a deep elf sorcerer
  2450 | D        | Killed a deep elf zephyrmancer
  2451 | D        | Reached skill level 15 in Invocations
  2451 | D        | Reached XP level 12. HP: 45/81 MP: 16/25
  2451 | D        | Killed a deep elf annihilator
  2451 | D        | Killed a deep elf master archer
  2452 | D        | Killed a deep elf high priest
  2454 | D        | Killed a deep elf sorcerer
  2455 | D        | Reached skill level 16 in Invocations
  2455 | D        | Found a transporter.
  2488 | D        | Got the +8 longbow of Karma {vorpal, Str+5 Int+4 Stlth-}
  2776 | D        | Entered arena 15.
  2777 | D        | Noticed a stone giant
  2777 | D        | Noticed a centaur warrior
  2778 | D        | Noticed a yaktaur captain
  2778 | D        | Noticed a stone giant
  2779 | D        | Killed a centaur warrior
  2781 | D        | Killed a stone giant
  2783 | D        | Killed a stone giant
  2785 | D        | Killed a yaktaur captain
  3034 | D        | Found a transporter.
  3045 | D        | Got the Incunabulum of Ensnaring Pyromania
  3058 | D        | Got the Handbook of Friendly Conjuration
  3085 | D        | Entered arena 16.
  3090 | D        | Reached skill level 17 in Invocations
  3092 | D        | Reached XP level 13. HP: 38/89 MP: 0/27
  3121 | D        | Killed a ghost moth
  3123 | D        | Found a transporter.
  3477 | D        | Entered arena 17.
  3480 | D        | Noticed a nargun
  3480 | D        | Noticed a frost giant
  3480 | D        | Noticed an azure jelly
  3481 | D        | Killed a frost giant
  3481 | D        | Killed a nargun
  3481 | D        | Noticed an Ice Fiend
  3482 | D        | Killed an azure jelly
  3483 | D        | Reached skill level 10 in Axes
  3483 | D        | Noticed a frost giant
  3485 | D        | Killed a frost giant
  3485 | D        | Identified the amulet "Xemuoduk" {RegenMP rElec Will+}
  3485 | D        | Noticed a frost giant
  3487 | D        | Killed an Ice Fiend
  3488 | D        | Reached skill level 18 in Invocations
  3499 | D        | Killed a frost giant
  3500 | D        | Found the ring of the Mage {Wiz Archmagi}
  3724 | D        | Found a transporter.
  3740 | D        | Got the +11 broad axe "Osanuc" {venom, Stlth+}
  3743 | D        | Got the Exposition on Conduction and Outbursts
  3775 | D        | Entered arena 18.
  3777 | D        | Noticed a vampire knight
  3780 | D        | Reached skill level 15 in Dodging
  3790 | D        | Killed a vampire knight
  3794 | D        | HP: 2/91 [something (5)]
  3800 | D        | Slain by a freezing wraith

Illustrated notes

Levels and vault maps discovered:
D:        sprint_v [room_start, room_1, room_2, room_3, room_4, room_5, room_6,
          room_7, room_8, room_9, room_10, room_11, room_12, room_13, room_14,
          room_15, room_16, room_17, room_18, room_19, room_20, room_21,
          room_22, room_23, room_24, room_25, room_26, room_27]

Skill      XL: |  1  2  3  4  5  6  7  8  9 10 11 12 13 |
---------------+----------------------------------------+-----
Fighting       | 3 4 5 6 7 8 9 10 12 13 14 | 14.8
Axes           | 1 3 4 5 6 7 8 9 10 | 10.4
Armour         | 3 5 6 8 9 10 12 13 14 | 14.6
Dodging        | 2 4 5 6 7 8 10 12 13 15 | 15.3
Shields        | 3 5 6 8 9 10 12 13 14 | 14.6
Invocations    | 3 6 7 8 10 11 13 15 17 18 | 18.5
Long Blades    | |  1.0
Stealth        | |  1.2
Spellcasting   | |  1.5

Action                   |  1- 3 |  4- 6 |  7- 9 | 10-12 | 13-15 || total
-------------------------+-------+-------+-------+-------+-------++-------
Melee: Shillelagh        |     5 |     7 |    25 |    13 |    39 ||    89
Invok: Upheaval          |       |       |    17 |    18 |    10 ||    45
       Disaster Area     |       |       |       |     6 |     4 ||    10
  Use: Potion            |       |       |       |     1 |    14 ||    15
Armor: Plate armour      |     2 |     1 |    12 |    15 |   122 ||   152
Dodge: Repelled          |       |       |     1 |     1 |     1 ||     3
       Dodged            |       |       |       |     2 |    13 ||    15
Block: Kite shield       |     3 |    10 |    42 |    52 |   121 ||   228
